 Dungeon Crawl Stone Soup version bcrawl-1.21.2-28-g2cb1824106 (webtiles) character file.

Game seed: 916749140653561327

57 MisterOstroum the Ducker (level 4, -3/31 HPs)
             Began as a Kobold Gladiator on Mar 7, 2020.
             Slain by an adder (4 damage)
             ... on level 2 of the Dungeon.
             The game lasted 00:01:34 (1401 turns).

MisterOstroum the Ducker (Kobold Gladiator)         Turns: 1401, Time: 00:01:34

Health: -3/31      AC:  4    Str: 12    XL:     4   Next: 18%
Magic:  4/4        EV: 16    Int:  9    God:
Gold:   116        SH:  0    Dex: 17    Spells: 3/3 levels left

rFire    . . .     SeeInvis .   a - +0 trident
rCold    . . .     Gourm    .   (shield currently unavailable)
rNeg     . . .     Faith    .   b - +0 leather armour
rPois    .         Spirit   .   c - +0 helmet
rElec    .         Reflect  .   (no cloak)
rCorr    .         Harm     .   (no gloves)
MR       .....                  (no boots)
Stlth    +.........             (no amulet)
HPRegen  0.10/turn              (no ring)
MPRegen  0.09/turn              (no ring)

@: lethally poisoned (-3 -> -7)
A: small, talons 1, carnivore, mutation resistance 1
a: no special abilities


You were on level 2 of the Dungeon.
You were completely stuffed.

You visited 1 branch of the dungeon, and saw 3 of its levels.

You collected 116 gold pieces.

Inventory:

Hand Weapons
 a - a +0 trident (weapon)
 m - a +0 spear of freezing
Missiles
 d - 3 throwing nets (quivered) {!f!f}
 f - 174 bolts
 h - 104 tomahawks
 i - 248 sling bullets
 j - 237 stones
Armour
 b - a +0 leather armour (worn)
 c - a +0 helmet (worn)
Scrolls
 g - a scroll of identify {unknown}
 k - a scroll of remove curse {unknown}
Comestibles
 e - 4 rations {!d}
 l - 2 chunks of flesh


   Skills:
 * Level 3.3 Fighting
 * Level 3.7 Polearms
 - Level 2.6 Throwing
 + Level 4.1 Dodging


You had 3 spell levels left.
You didn't know any spells.
Your spell library was empty.

Dungeon Overview and Level Annotations

Branches:
Dungeon (3/12)

Altars:
Fedhas
Kikubaaqudgha
Qazlal
Zin

Annotations:
D:3 Robin


Innate Abilities, Weirdness & Mutations

You are small and have problems with some larger weapons.
You have sharp toenails.
You are carnivorous and can eat meat at any time.
You are somewhat resistant to further mutation.


Message History

The adder bites you but does no damage.
A jackal comes into view.
The giant cockroach completely misses you.
Robin throws the goblin at you!
A goblin comes into view.
A goblin comes into view. It is wielding a +0 dagger.
An orc comes into view.
The goblin misses you. The adder barely misses you.
You hit the giant cockroach.
You kill the giant cockroach!
The orc wizard hits you but does no damage.
A goblin comes into view. It is wielding a +0 dagger.
Robin roars a battlecry!
The adder closely misses you. The goblin hits you but does no damage.
A goblin comes into view. It is wielding a +0 dagger.
You hear a shout!
You closely miss the orc wizard.
The goblin shouts!
Your kick misses the orc wizard. The jackal completely misses you.
The adder misses you.
The orc wizard hits you but does no damage.
The goblin completely misses you.
The orc priest calls down the wrath of Beogh upon you.
Beogh smites you!
The jackal bites you but does no damage.
The adder closely misses you.
You hit the orc wizard. Your kick misses the orc wizard.
The orc wizard is lightly wounded.
The orc wizard barely misses you. The jackal closely misses you.
The goblin completely misses you. The adder barely misses you.
The jackal closely misses you.
You closely miss the adder. Your kick misses the adder.
The adder closely misses you. The goblin hits you.
A goblin comes into view. x2
The jackal closely misses you.
You are too injured to fight recklessly!
You are too injured to fight recklessly!
You are too injured to fight recklessly!
You are too injured to fight recklessly!
You are too injured to fight recklessly!
You are too injured to fight recklessly!
You are too injured to fight recklessly!
You are too injured to fight recklessly!
You are too injured to fight recklessly!
You are too injured to fight recklessly!
You are too injured to fight recklessly!
You are too injured to fight recklessly!
You are too injured to fight recklessly!
You are too injured to fight recklessly!
You are too injured to fight recklessly!
You are too injured to fight recklessly!
The goblin shouts!
You hear a shout!
The goblin closely misses you. The adder closely misses you.
There is a stone staircase leading up here.
The goblin misses you. The hobgoblin closely misses you. The adder bites you.
You climb upwards.
There is a stone staircase leading down here.
You hit the hobgoblin but do no damage. You claw the hobgoblin.
The hobgoblin is severely wounded.
The adder bites you.
You are poisoned.
The adder poisons you! The goblin closely misses you.
The hobgoblin hits you but does no damage.
The adder completely misses you.
You barely miss the hobgoblin. Your kick misses the hobgoblin.
The hobgoblin is severely wounded.
You feel sick. The goblin completely misses you.
The hobgoblin completely misses you. The adder bites you.
* * * LOW HITPOINT WARNING * * *
You are more poisoned.
The adder poisons you! The goblin barely misses you.
You barely miss the hobgoblin.
You claw the hobgoblin, but do no damage.
The hobgoblin is severely wounded.
You feel sick. The adder barely misses you.
The hobgoblin completely misses you. The goblin misses you.
You puncture the hobgoblin!
You kill the hobgoblin!
The adder bites you.
* * * LOW HITPOINT WARNING * * *
The goblin completely misses you. The adder closely misses you.
* * * LOW HITPOINT WARNING * * *
You feel sick. The goblin hits you.
* * * LOW HITPOINT WARNING * * *
Things that are here:
a +0 club; a hobgoblin corpse The adder barely misses you.
You aren't carrying any potions.
Unknown command.
You closely miss the adder. Your kick misses the adder.
* * * LOW HITPOINT WARNING * * *
You feel sick. The adder misses you.
Unknown command.
Unknown command.
Are you sure you want to abandon this character and quit the game? (Confirm with "yes".)
Okay, then.
You hit the adder. You claw the adder.
The adder is severely wounded.
The adder bites you.
You die...

...#.......##..#.#####...........
...#.......###.......'.......>...
...#.###....##.#.#####..........P
...#+###....##...# #...........
............##...# #####.###..P
............##...# #.# #...
..........####..g# #.# ####
..........####.#S# #.#
..........)....#@# #######.#
...#.####.######.# #.......#
####......# #.# #.############
######## #.# #.#...#.......
################.# #÷#.#.#...####
.................# #.#...#.#÷# #
################## #.##..###.# #
#.........# # ###########


You could see an adder and a goblin.

Vanquished Creatures
  An adder (D:2)
  2 oozes (D:1)
  2 worms
  A dart slug (D:1)
  2 leopard geckos (D:2)
  A bat (D:1)
  2 giant cockroaches
  3 hobgoblins
  5 kobolds (D:1)
  A quokka (D:2)
  2 frilled lizards (D:1)
  4 goblins (D:1)
  4 rats
30 creatures vanquished.

Notes
Turn   | Place    | Note
-------+----------+-------------------------------------------
     0 | D:1      | MisterOstroum the Kobold Gladiator began the quest for the
                  | Orb.
     0 | D:1      | Reached XP level 1. HP: 14/14 MP: 1/1
     0 | D:1      | Noticed a tentacled monstrosity
     0 | D:1      | Noticed a tentacled monstrosity
     0 | D:1      | Noticed a shadow dragon
     1 | D:1      | Noticed an iron dragon
     5 | D:1      | Noticed a tentacled monstrosity
     6 | D:1      | Noticed a large abomination
     8 | D:1      | Noticed a red draconian
    10 | D:1      | Noticed a green draconian
    13 | D:1      | Noticed an iron dragon
    16 | D:1      | Noticed a tentacled monstrosity
    16 | D:1      | Noticed an iron dragon
    16 | D:1      | Noticed a green draconian
    18 | D:1      | Noticed a large abomination
    18 | D:1      | Noticed a black draconian
    20 | D:1      | Noticed an iron dragon
   169 | D:1      | Reached XP level 2. HP: 20/20 MP: 2/2
   546 | D:1      | Reached XP level 3. HP: 24/25 MP: 3/3
   783 | D:1      | Reached skill level 4 in Dodging
   923 | D:2      | Reached XP level 4. HP: 31/31 MP: 4/4
  1231 | D:2      | Found a blossoming altar of Fedhas.
  1245 | D:2      | Found a stormy altar of Qazlal.
  1246 | D:2      | Found a glowing silver altar of Zin.
  1251 | D:2      | Found an ancient bone altar of Kikubaaqudgha.
  1383 | D:3      | Noticed Robin
  1400 | D:2      | HP: 1/31 [poisoned by an adder]
  1401 | D:2      | Slain by an adder

Skill      XL: |  1  2  3 |
---------------+----------+-----
Fighting       | 3 |  3.3
Dodging        | 4 |  4.1
Polearms       | |  3.7
Throwing       | |  2.6

Action                   |  1- 3 |  4- 6 || total
-------------------------+-------+-------++-------
Melee: Trident           |    72 |    25 ||    97
       Kick              |    21 |     6 ||    27
 Stab: Sleeping          |     4 |       ||     4
  Eat: Chunk             |     8 |     2 ||    10
Armor: Leather armour    |     6 |     7 ||    13
Dodge: Dodged            |    36 |    39 ||    75
